Map: Echo LE (Void)

Players

Musumeci - Winner!

  • Race: Zerg Zerg
  • League: Diamond
  • Spawn Location: 5:00

lllllllIIIII

  • Race: Terran Terran
  • League: Diamond
  • Spawn Location: 11:00

VOD

Have the link to the VOD?

Description

Time

  • Played on: Jan. 9, 2017, 9:16 a.m.
  • Length: 4:05
Show
View Real Time Build Order
Export as new Build Order

Musumeci Zerg - Winner!

Build Orders: Hatch First 

Get SALT Encoding   

  12  0:04  Drone  
  13  0:09  Drone  
  13  0:13  Extractor  
  13  0:15  Drone  
  15  0:40  Hatchery  
  14  0:46  Extractor  
  14  0:47  Drone  
  15  1:03  Spawning Pool  
  14  1:12  Extractor  
  14  1:18  Drone  
  14  1:52  Spine Crawler  
  13  1:54  Spine Crawler  
  13  1:55  Zergling x2  
  13  1:56  Spine Crawler, Zergling x6  
  15  2:03  Drone  
  16  2:10  Drone  
  14  2:28  Zergling x2  
  14  2:29  Zergling x2  
  16  2:39  Metabolic Boost  
  16  2:48  Zergling x2  
  16  3:06  Drone x4  
  19  3:37  Overlord  
  19  3:38  Overlord  
Show
View Real Time Build Order
Export as new Build Order

lllllllIIIII Terran 

Build Orders:  

Get SALT Encoding   

  12  0:02  SCV  
  13  0:14  SCV  
  14  0:19  Supply Depot  
  14  0:26  SCV  
  15  0:41  SCV  
  16  0:57  Barracks  
  16  0:59  Barracks  
  16  1:10  Barracks  
  16  1:19  Barracks  
  16  1:43  Marine  
  16  1:45  Marine  
  18  1:47  Supply Depot  
  18  1:58  Bunker, Marine  
  19  2:02  Marine  
  20  2:09  Marine  
  21  2:17  Marine x2  
  21  2:20  Marine  
  23  2:27  Marine  
  22  2:34  Marine  
  22  2:35  Marine  
  24  2:38  Marine  
  25  2:45  Marine  
  26  2:52  Marine x2  
  26  2:55  Marine  
  29  3:03  SCV, Marine, Refinery  
  29  3:04  Refinery  
  31  3:14  Supply Depot  
  31  3:35  Marine x2  
  31  3:36  SCV  
  31  3:39  Barracks Tech Lab x2  
Tags
 
Matchup
TvZ
Replay Pack
replay pack
Spawn Locations
Cross Positions
Add a new tag
Caveats
  • Supply blocks, unpowered buildings, or Contaminate may cause inaccurate times.
  • Supply counts are checked every 10 seconds.